 Dungeon Crawl Stone Soup version 0.31.0-9-g3a7656b989 (webtiles) character file.

Game seed: 14107149308102161850

10698 qw the Nimble (level 11, -2/53 HPs)
             Began as a Spriggan Hunter on Feb 2, 2024.
             Was an Elder of Okawaru.
             Slain by a +3 spectral giant spiked club (20 damage)
             ... created by Erolcha
             ... on level 12 of the Dungeon.
             The game lasted 00:00:48 (8645 turns).

qw the Nimble (Spriggan Hunter)                     Turns: 8645, Time: 00:00:49

Health: -2/53      AC:  8    Str: 11    XL:     11   Next: 39%
Magic:  7/10       EV: 31    Int: 11    God:    Okawaru [****..]
Gold:   615        SH:  0    Dex: 29    Spells: 10/10 levels left

rFire   + . .        a - +3 shortbow (heavy)
rCold   + . .        (shield currently unavailable)
rNeg    . . .        o - +0 swamp dragon scales
rPois   +            (helmet restricted)
rElec   .            e - +0 cloak
rCorr   .            (gloves unavailable)
SInv    +            (boots unavailable)
Will    +....        (no amulet)
Stlth   +++          p - ring of protection from fire
HPRegen 0.28/turn    g - ring "Etuulaco" {rC+ MP-9 Str+4 Dex+6 Stlth+}
MPRegen 0.12/turn

%: no passive effects
@: lethally poisoned (-2 -> -16), finesse-ful, slowed, quick
A: very small, no large weapons, unfitting armour, see invisible, speed 3,
MP-powered wands
a: Renounce Religion, Heroism, Finesse


You were on level 12 of the Dungeon.
You worshipped Okawaru.
Okawaru was greatly pleased with you.
You visited 1 branch of the dungeon, and saw 11 of its levels.
You also visited: Sewer.

You collected 615 gold pieces.


Innate Abilities, Weirdness & Mutations

You are very small and have problems with some larger weapons.
You are too small for most types of armour.
You have supernaturally acute eyesight. (SInv)
You cover ground extremely quickly. (Speed+++)
You expend magic power (3 MP) to strengthen your wands.


   Skills:
 + Level 4.0 Fighting
 - Level 12.0 Ranged Weapons
 - Level 2.0 Armour
 - Level 14.3 Dodging
 - Level 1.5 Stealth
 + Level 9.4 Invocations


You had 10 spell levels left.
You didn't know any spells.
Your spell library was empty.

Inventory:

Hand Weapons
 a - a +3 heavy shortbow (weapon)
Armour
 e - a +0 cloak (worn)
 l - a +0 troll leather armour
 o - +0 swamp dragon scales (worn)
Jewellery
 g - the ring "Etuulaco" (right hand) {rC+ MP-9 Str+4 Dex+6 Stlth+}
   (You found it on level 6 of the Dungeon)

   [ring of dexterity]

   Str+4:     It affects your strength (+4).
   Dex+6:     It affects your dexterity (+6).
   rC+:       It protects you from cold.
   MP-9:      It affects your magic capacity (-9).
   Stlth+:    It makes you more stealthy.
 n - a ring of ice
 p - a ring of protection from fire (left hand)
 Y - a +6 ring of strength
Wands
 b - a wand of polymorph (7)
 i - a wand of acid (2)
 j - a wand of mindburst (9)
 m - a wand of roots (14)
Scrolls
 f - a scroll of identify
Potions
 d - 3 potions of mutation
 h - 4 potions of curing
 k - a potion of cancellation

Dungeon Overview and Level Annotations

Branches:
Dungeon (12/15)            Temple (0/1) D:7             Orc (0/2) D:9
  Sewer (visited)
   Lair: D:8-11

Altars:
Ashenzari
Gozag
Hepliaklqana
Okawaru
Qazlal
Vehumet
Yredelemnul
Zin

Shops:
D:3 [   D:6 *:   D:7 :

Annotations:
D:6 1 runed translucent door, Crazy Yiuf
D:7 exclusion: bombardier beetle
D:12 Erolcha


Message History

You feel much better. The meliai completely misses you. The meliai stings you!
The meliai completely misses you. The meliai barely misses you.
The freezing wraith closely misses you.
The freezing wraith completely misses you.
The meliai barely misses you. The meliai stings you.
The freezing wraith completely misses you. x2
You shoot an arrow. The arrow hits the freezing wraith.
The freezing wraith is almost destroyed.
You hear a shout!
The meliai completely misses you. The meliai closely misses you.
The meliai hits you. The meliai completely misses you.
The freezing wraith closely misses you. The freezing wraith misses you.
Erolcha gestures wildly while chanting.
Erolcha blinks!
You shoot an arrow.
The arrow hits the freezing wraith but does no damage.
The freezing wraith is almost destroyed.
The meliai misses you. The meliai stings you.
The meliai completely misses you. x2
The freezing wraith completely misses you.
The freezing wraith barely misses you.
Enter note:
Enter note:
Enter note:
Enter note:
Enter note:
Enter note:
Enter note:
Enter note:
Enter note:
Enter note:
8645 ||| RETREEEEATING.
The meliai completely misses you. The meliai stings you.
You are poisoned.
The meliai poisons you!
The deep elf pyromancer completely misses you.
Erolcha screams, "Stand!
Erolcha hit you!" Erolcha completely misses you.
The +3 spectral giant spiked club hits you!!
You die...

#.# #...# #.# #...### #########
#.# #......
........#######.###########>.(...
...........>....................c
........>.........$..............
..######.........................
..# #.####'#.OW............###
..# #.#....#(@y............# .##
#.#....#e####'###......# .#
#.#....#.#......#......#.. .#
#.#....#.#......#......#.. .#
#.#....#.#......#......#.. .#
#.#....#.#......#......#..
[#######.#....#.#......#......#..
.........# #.#......#......#..
####.....######.'.....<###....#..


You could see Erolcha, a freezing wraith, a deep elf pyromancer, a +3 spectral
giant spiked club (wandering) and a meliai.

Vanquished Creatures
  A two-headed ogre (D:9)
  A cyclops (D:9)
  Maggie (D:7)
  2 trolls (D:12)
  3 hornets
  Grinder (D:6)
  4 slime creatures (D:12)
  A vampire (D:9)
  2 wyverns
  8 yaks
  A steam dragon (D:7)
  3 vampire mosquitoes (D:12)
  Eustachio (D:6)
  A water moccasin (D:6)
  A sky beast (D:7)
  5 orc warriors
  3 ice beasts
  A black bear (D:7)
  Pargi (Sewer)
  An ogre (D:7)
  A centaur (D:8)
  3 kobold brigands
  2 scorpions (D:5)
  2 bullfrogs
  12 wights
  3 killer bees (D:7)
  An electric eel (D:7)
  3 howler monkeys
  A bombardier beetle (D:7)
  A jelly (D:5)
  3 hounds
  A gnoll bouda (D:8)
  5 orc priests
  2 sleepcaps (D:6)
  An iguana (D:5)
  5 orc wizards
  5 adders
  6 gnolls
  2 white imps (D:7)
  4 ufetubi
  4 dart slugs
  2 ribbon worms
  22 orcs
  6 endoplasms
  7 giant cockroaches
  10 goblins
  4 hobgoblins
  2 quokkas
  3 ball pythons (D:2)
  4 bats
  3 frilled lizards
  16 kobolds
  7 rats
195 creatures vanquished.

Notes
Turn   | Place    | Note
-------+----------+-------------------------------------------
     0 | D:1      | qw the Spriggan Hunter began the quest for the Orb.
     0 | D:1      | Reached XP level 1. HP: 10/10 MP: 2/2
     0 | D:1      | 0 ||| qw: Version: 0.3-a-155-g5e7d8dd
     0 | D:1      | 0 ||| qw: Game counter: 1094
     0 | D:1      | 0 ||| qw: Melee chars always use a shield: true
     0 | D:1      | 0 ||| qw: God list: Okawaru
     0 | D:1      | 0 ||| qw: Allow faded altars: false
     0 | D:1      | 0 ||| qw: Do Orc after clearing Dungeon:15 true
     0 | D:1      | 0 ||| qw: Do second Lair branch before Depths: true
     0 | D:1      | 0 ||| qw: Lair rune preference: random
     0 | D:1      | 0 ||| qw: Goals: Normal
     0 | D:1      | 0 ||| PLANNING D:1-11
    19 | D:1      | Reached skill level 3 in Dodging
   130 | D:1      | Reached XP level 2. HP: 14/14 MP: 3/3
   307 | D:1      | Reached skill level 4 in Dodging
   397 | D:1      | 397 ||| DROPPING +6 ring of intelligence.
   398 | D:1      | 398 ||| READING 2 scrolls labelled VIECIR ULUGO.
   399 | D:1      | 399 ||| READING 2 scrolls labelled RIH MAJOTSUOBOMU.
   400 | D:1      | 400 ||| READING scroll labelled NEMUSS REL KUFIJ.
   400 | D:1      | 400 ||| ENCHANTING +0 shortbow.
   401 | D:1      | 401 ||| DROPPING scroll of butterflies.
   402 | D:1      | 402 ||| DROPPING scroll of amnesia.
   403 | D:1      | 403 ||| DROPPING scroll of revelation.
   464 | D:2      | Found a glowing silver altar of Zin.
   496 | D:2      | Reached XP level 3. HP: 18/18 MP: 4/4
   706 | D:2      | 706 ||| READING scroll of enchant weapon.
   706 | D:2      | 706 ||| ENCHANTING +1 shortbow.
   956 | D:2      | 956 ||| READING 2 scrolls labelled FEGHARRUKI.
   956 | D:2      | 956 ||| IDENTIFYING bubbling orange potion
   957 | D:2      | 957 ||| READING scroll of identify.
   957 | D:2      | 957 ||| IDENTIFYING yellow potion
   958 | D:2      | 958 ||| READING scroll labelled UVY TUELULAELA.
   959 | D:2      | 959 ||| READING scroll labelled JIAKIK TYILA.
  1060 | D:2      | 1060 ||| READING scroll labelled POHOSY QAODA.
  1095 | D:2      | 1095 ||| DROPPING potion of degeneration.
  1135 | D:3      | Found Pin Qem's Armour Shoppe.
  1341 | D:3      | 1341 ||| READING scroll of enchant weapon.
  1341 | D:3      | 1341 ||| ENCHANTING +2 shortbow.
  1401 | D:3      | Reached XP level 4. HP: 22/22 MP: 5/5
  1474 | D:3      | 1474 ||| DRINKING 2 fuming red potions.
  1474 | D:3      | Gained mutation: You expend magic power (3 MP) to
                  | strengthen your wands. [potion of mutation]
  1474 | D:3      | Gained mutation: Your movements are slightly less
                  | encumbered by armour. (ER -2) [potion of mutation]
  1474 | D:3      | Lost mutation: Your movements are slightly less encumbered
                  | by armour. (ER -2) [potion of mutation]
  2258 | D:4      | 2258 ||| READING scroll of identify.
  2258 | D:4      | 2258 ||| IDENTIFYING lumpy amethyst potion
  2259 | D:4      | 2259 ||| READING scroll labelled IMUASCH JOJYH.
  2260 | D:4      | 2260 ||| READING scroll labelled OCHELA LIOTH.
  2261 | D:4      | 2261 ||| DRINKING 4 grey potions.
  2262 | D:4      | 2262 ||| DRINKING 2 sedimented emerald potions.
  2300 | D:4      | 2300 ||| DROPPING potion of lignification.
  2311 | D:5      | Entered Level 5 of the Dungeon
  2312 | D:5      | 2312 ||| PLANNING SEWER
  2321 | D:5      | Reached skill level 5 in Dodging
  2350 | D:5      | Reached XP level 5. HP: 18/26 MP: 6/6
  2448 | D:5      | Reached skill level 6 in Ranged Weapons
  2448 | D:5      | Reached XP level 6. HP: 30/30 MP: 7/7
  2518 | D:5      | Found a radiant altar of Vehumet.
  2568 | D:5      | Reached skill level 6 in Dodging
  2791 | D:5      | Found a glowing drain.
  2795 | Sewer    | Entered a sewer
  2845 | Sewer    | Noticed Pargi
  2849 | Sewer    | Killed Pargi
  2908 | Sewer    | HP: 6/30 [kobold brigand/+0 short sword (8)]
  2909 | Sewer    | 2909 ||| DRINKING potion of heal wounds.
  2911 | Sewer    | Reached XP level 7. HP: 35/35 MP: 8/8
  2954 | Sewer    | 2954 ||| READING scroll labelled OSCHEM LYTTA.
  2962 | D:5      | 2962 ||| PLANNING D:1-11
  3003 | D:5      | Found a broken altar of Ashenzari.
  3007 | D:5      | Saw a vision of the Swamp and the Snake Pit.
  3007 | D:5      | Noticed a bog body
  3007 | D:5      | Noticed a spriggan druid
  3007 | D:5      | Noticed a bunyip
  3007 | D:5      | Noticed a naga warrior
  3007 | D:5      | Noticed a black mamba
  3007 | D:5      | Noticed a shock serpent
  3007 | D:5      | Noticed a salamander
  3008 | D:5      | Noticed a mana viper
  3010 | D:5      | Noticed a naga mage
  3226 | D:6      | Found Guhycly's Elemental Accessories.
  3238 | D:6      | Reached skill level 7 in Dodging
  3347 | D:6      | 3347 ||| READING scroll labelled MUAFEI TAGGUTT.
  3432 | D:6      | Noticed Eustachio
  3447 | D:6      | 3447 ||| FLEEEEING.
  3448 | D:6      | 3448 ||| FLEEEEING.
  3449 | D:6      | 3449 ||| RETREEEEATING.
  3459 | D:6      | 3459 ||| RETREEEEATING.
  3467 | D:6      | HP: 6/35 [white imp[Eustachio] (3)]
  3471 | D:6      | Killed Eustachio
  3502 | D:6      | 3502 ||| FLEEEEING.
  3515 | D:6      | 3515 ||| FLEEEEING.
  3534 | D:6      | 3534 ||| FLEEEEING.
  3619 | D:6      | Noticed Grinder
  3622 | D:6      | Paralysed by Grinder for 3 turns
  3629 | D:6      | Killed Grinder
  3630 | D:6      | Reached skill level 3 in Fighting
  3630 | D:6      | Reached XP level 8. HP: 40/40 MP: 9/9
  3826 | D:6      | Identified the ring "Etuulaco" {rC+ MP-9 Str+4 Dex+6
                  | Stlth+}
  3868 | D:6      | Found Xozawieq's Vocational Training.
  3935 | D:6      | Found a glowing silver altar of Zin.
  4019 | D:6      | Found a runed translucent door.
  4020 | D:6      | Noticed Crazy Yiuf
  4112 | D:6      | Reached skill level 8 in Dodging
  4164 | D:6      | 4164 ||| UPGRADING to +6 ring of strength.
  4165 | D:6      | 4165 ||| UPGRADING to ring "Etuulaco" {rC+ MP-9 Str+4 Dex+6
                  | Stlth+}.
  4166 | D:6      | 4166 ||| READING scroll labelled VAOQUT FOIF.
  4184 | D:7      | 4184 ||| STAIRDANCE
  4201 | D:7      | 4201 ||| STAIRDANCE
  4250 | D:7      | HP: 6/40 [steam dragon] (9)]
  4251 | D:7      | 4251 ||| READING scroll of teleportation.
  4252 | D:7      | 4252 ||| DRINKING potion of heal wounds.
  4255 | D:7      | HP: 2/40 [steam dragon] (6)]
  4402 | D:7      | Found an iron altar of Okawaru.
  4403 | D:7      | 4403 ||| PLANNING OKAWARU WORSHIP
  4405 | D:7      | Found a stormy altar of Qazlal.
  4409 | D:7      | Became a worshipper of Warmaster Okawaru
  4410 | D:7      | 4410 ||| PLANNING D:1-11
  4447 | D:7      | Reached skill level 9 in Dodging
  4701 | D:7      | Found a staircase to the Ecumenical Temple.
  4705 | D:7      | Reached skill level 9 in Ranged Weapons
  4733 | D:7      | Reached * piety under Okawaru
  4874 | D:7      | Reached skill level 1 in Invocations
  4944 | D:7      | Reached skill level 10 in Dodging
  4944 | D:7      | Reached XP level 9. HP: 44/44 MP: 2/11
  5025 | D:7      | Found Toblai's Book Boutique.
  5150 | D:7      | 5150 ||| Stepping ~*~*~tactically~*~*~ (cloud).
  5154 | D:7      | Noticed Maggie
  5155 | D:7      | 5155 ||| READING 3 scrolls of identify.
  5155 | D:7      | 5155 ||| IDENTIFYING murky silvery potion
  5156 | D:7      | 5156 ||| DRINKING potion of experience.
  5156 | D:7      | Reached skill level 14 in Dodging
  5156 | D:7      | Reached XP level 10. HP: 49/49 MP: 2/17
  5160 | D:7      | 5160 ||| INVOKING Heroism.
  5168 | D:7      | Killed Maggie
  5295 | D:7      | Reached ** piety under Okawaru
  5520 | D:7      | 5520 ||| UPGRADING to +0 steam dragon scales.
  5530 | D:7      | 5530 ||| DROPPING +0 robe.
  5531 | D:7      | 5531 ||| UPGRADING to +0 swamp dragon scales.
  5541 | D:7      | 5541 ||| DROPPING +0 steam dragon scales.
  5542 | D:7      | 5542 ||| READING 3 scrolls of identify.
  5542 | D:7      | 5542 ||| IDENTIFYING sapphire potion
  5543 | D:7      | 5543 ||| DROPPING potion of attraction.
  5970 | D:8      | Found a basalt altar of Yredelemnul.
  6176 | D:8      | Reached skill level 1 in Armour
  6256 | D:8      | Found a hazy altar of Hepliaklqana.
  6611 | D:8      | 6611 ||| UPGRADING to ring of protection from fire.
  6613 | D:8      | 6613 ||| READING 2 scrolls of identify.
  6613 | D:8      | 6613 ||| IDENTIFYING scroll labelled FAFEUW KUOKOOKLUG
  6614 | D:8      | 6614 ||| READING scroll of identify.
  6614 | D:8      | 6614 ||| IDENTIFYING scroll labelled NUFIST KOECIAC
  6615 | D:8      | 6615 ||| READING scroll of brand weapon.
  6615 | D:8      | 6615 ||| BRANDING +3 shortbow.
  6616 | D:8      | 6616 ||| DROPPING scroll of poison.
  6866 | D:9      | Noticed a cyclops
  6867 | D:9      | 6867 ||| INVOKING Heroism.
  6872 | D:9      | Killed a cyclops
  7145 | D:9      | 7145 ||| RETREEEEATING.
  7151 | D:9      | Reached *** piety under Okawaru
  7157 | D:9      | 7157 ||| RETREEEEATING.
  7157 | D:9      | HP: 11/49 [hornet (2)]
  7158 | D:9      | Noticed a two-headed ogre
  7158 | D:9      | 7158 ||| READING scroll of teleportation.
  7159 | D:9      | 7159 ||| RETREEEEATING.
  7160 | D:9      | 7160 ||| RETREEEEATING.
  7161 | D:9      | 7161 ||| RETREEEEATING.
  7162 | D:9      | 7162 ||| ZAPPING wand of acid (3) at -1,-4 (two-headed
                  | ogre; floor).
  7163 | D:9      | 7163 ||| FLEEEEING.
  7166 | D:9      | 7166 ||| FLEEEEING.
  7167 | D:9      | 7167 ||| FLEEEEING.
  7169 | D:9      | 7169 ||| RETREEEEATING.
  7171 | D:9      | 7171 ||| INVOKING Heroism.
  7174 | D:9      | Killed a two-headed ogre
  7371 | D:9      | Found a flagged portal.
  7410 | D:9      | Found a staircase to the Orcish Mines.
  7423 | D:9      | Reached XP level 11. HP: 53/53 MP: 9/18
  7653 | D:9      | 7653 ||| UPGRADING to +0 cloak.
  7658 | D:9      | 7658 ||| READING scroll of identify.
  7658 | D:9      | 7658 ||| IDENTIFYING amethyst potion
  7659 | D:9      | 7659 ||| DROPPING potion of berserk rage.
  7673 | D:10     | Entered Level 10 of the Dungeon
  7691 | D:10     | Reached **** piety under Okawaru
  7784 | D:10     | 7784 ||| INVOKING Finesse.
  8033 | D:10     | Found an opulent altar of Gozag.
  8191 | D:10     | You fall into a shaft and drop 2 floors!
  8243 | D:12     | 8243 ||| PLANNING GAUNTLET
  8312 | D:12     | Reached skill level 9 in Invocations
  8351 | D:12     | 8351 ||| RETREEEEATING.
  8355 | D:12     | Noticed a centaur warrior
  8356 | D:12     | 8356 ||| RETREEEEATING.
  8357 | D:12     | 8357 ||| RETREEEEATING.
  8358 | D:12     | 8358 ||| RETREEEEATING.
  8359 | D:12     | 8359 ||| RETREEEEATING.
  8360 | D:12     | 8360 ||| RETREEEEATING.
  8361 | D:12     | 8361 ||| RETREEEEATING.
  8362 | D:12     | 8362 ||| RETREEEEATING.
  8363 | D:12     | 8363 ||| RETREEEEATING.
  8364 | D:12     | 8364 ||| RETREEEEATING.
  8365 | D:12     | 8365 ||| RETREEEEATING.
  8366 | D:12     | 8366 ||| RETREEEEATING.
  8367 | D:12     | 8367 ||| RETREEEEATING.
  8368 | D:12     | 8368 ||| RETREEEEATING.
  8369 | D:12     | 8369 ||| RETREEEEATING.
  8370 | D:12     | 8370 ||| RETREEEEATING.
  8371 | D:12     | 8371 ||| RETREEEEATING.
  8372 | D:12     | 8372 ||| RETREEEEATING.
  8373 | D:12     | 8373 ||| RETREEEEATING.
  8374 | D:12     | 8374 ||| RETREEEEATING.
  8375 | D:12     | 8375 ||| RETREEEEATING.
  8376 | D:12     | 8376 ||| RETREEEEATING.
  8377 | D:12     | 8377 ||| RETREEEEATING.
  8378 | D:12     | 8378 ||| RETREEEEATING.
  8379 | D:12     | 8379 ||| RETREEEEATING.
  8380 | D:12     | 8380 ||| RETREEEEATING.
  8381 | D:12     | 8381 ||| RETREEEEATING.
  8382 | D:12     | 8382 ||| RETREEEEATING.
  8383 | D:12     | 8383 ||| RETREEEEATING.
  8384 | D:12     | 8384 ||| RETREEEEATING.
  8385 | D:12     | 8385 ||| RETREEEEATING.
  8386 | D:12     | 8386 ||| RETREEEEATING.
  8387 | D:12     | 8387 ||| RETREEEEATING.
  8388 | D:12     | 8388 ||| RETREEEEATING.
  8389 | D:12     | 8389 ||| RETREEEEATING.
  8529 | D:12     | Noticed a deep elf pyromancer
  8530 | D:12     | 8530 ||| INVOKING Finesse.
  8594 | D:12     | Reached skill level 12 in Ranged Weapons
  8623 | D:12     | 8623 ||| INVOKING Finesse.
  8634 | D:12     | Noticed Erolcha
  8641 | D:12     | HP: 13/53 [freezing wraith (4)]
  8641 | D:12     | HP: 6/53 [freezing wraith (7)]
  8642 | D:12     | 8642 ||| DRINKING potion of heal wounds.
  8645 | D:12     | 8645 ||| RETREEEEATING.
  8645 | D:12     | Slain by a +3 spectral giant spiked club

Levels and vault maps discovered:
D:1:      lemuel_arrival_lava_pool, layout_rooms
D:2:      layout_loops_cross, basic_altar
D:3:      layout_rooms, serial_shops, shop
D:4:      layout_basic
D:5:      layout_gridville, nicolae_vehumet_altar_sigil,
          grunt_ashenzari_visionary [grunt_ashenzari_visionary_swamp,
          grunt_ashenzari_visionary_snake], gup_sewer_entry_bowl
D:6:      layout_basic, zin_statuary, nicolae_elemental_shop,
          nicolae_shop_vocational, uniq_eustachio, uniq_crazy_yiuf_cottage,
          uniq_grinder
D:7:      layout_basic, nicolae_overflow_squiral, minmay_temple_entry_tees,
          serial_shops, nicolae_shop_back_alley_shop, nicolae_eternal_life,
          uniq_maggie
D:8:      layout_basic, yredelemnul_altar_generic,
          nicolae_hepliaklqana_hippocampus, minmay_misc_feat_diagonals
D:9:      layout_basic, david_orc_2, enter_bailey_3, nicolae_tricolors
D:10:     layout_roguey, mainiacjoe_overflow_brackets, erik_lair_dragon,
          uniq_fannar
D:12:     layout_irregular_city, gauntlet_entry_generic, grunt_potential,
          uniq_maurice, uniq_erolcha, uniq_sonja

Skill      XL: |  1  2  3  4  5  6  7  8  9 10 11 |
---------------+----------------------------------+-----
Dodging        | 3 4 5 6 7 10 14 | 14.3
Ranged Weapons | 5 6 7 8 9 11 12 | 12.0
Fighting       | 2 3 4 |  4.0
Invocations    | 2 8 9 |  9.4
Armour         | 1 2 |  2.0
Stealth        | |  1.5

Action                     |  1- 3 |  4- 6 |  7- 9 | 10-12 || total
---------------------------+-------+-------+-------+-------++-------
   Fire: Shortbow          |    90 |   104 |   184 |   335 ||   713
 Invoke: Heroism           |       |       |       |     3 ||     3
         Finesse           |       |       |       |     3 ||     3
  Evoke: Wand              |       |       |       |     1 ||     1
    Use: Scroll            |    10 |     3 |     5 |     6 ||    24
         Potion            |       |     4 |     2 |     1 ||     7
 Armour: Robe              |     1 |    16 |    25 |     6 ||    48
         Swamp dragon scal |       |       |       |    55 ||    55
  Dodge: Dodged            |    17 |    50 |   119 |   247 ||   433

Table legend:
 A = Non-vault XP
 B = Vault XP
 C = Vault XP percentage of total XP
 D = Non-vault monster count
 E = Vault monster count
 F = Vault count percentage of total count
                 A         B        C        D         E       F
            +---------+---------+-------+---------+---------+-------
      Total |   10279 |    2175 |  17.5 |     165 |      30 |  15.4
            +---------+---------+-------+---------+---------+-------
        D:1 |      24 |       0 |   0.0 |      15 |       0 |   0.0
        D:2 |      57 |       0 |   0.0 |      18 |       0 |   0.0
        D:3 |      20 |       0 |   0.0 |      11 |       0 |   0.0
        D:4 |      20 |       0 |   0.0 |       7 |       0 |   0.0
        D:5 |     370 |       6 |   1.6 |      11 |       4 |  26.7
        D:6 |     453 |     434 |  48.9 |      14 |       2 |  12.5
        D:7 |    2221 |     395 |  15.1 |      23 |       1 |   4.2
        D:8 |     995 |       0 |   0.0 |      20 |       0 |   0.0
        D:9 |    3383 |     162 |   4.6 |      31 |      12 |  27.9
       D:10 |    1502 |       0 |   0.0 |      10 |       0 |   0.0
       D:12 |    1234 |     848 |  40.7 |       5 |       4 |  44.4
      Sewer |       0 |     330 | 100.0 |       0 |       7 | 100.0
            +---------+---------+-------+---------+---------+-------
